 Dungeon Crawl Stone Soup version 0.30-a0-339-g89bb51ec76 (webtiles) character file.

Game seed: 17251228093811288828

2461 hikkokomori the Chiller (level 9, -9/58 (68) HPs)
             Began as a Demigod Ice Elementalist on Nov 1, 2022.
             Mangled by an orc warlord
             ... wielding a +4 battleaxe
              (12 damage)
             ... in a bailey.
             The game lasted 00:21:22 (6654 turns).

hikkokomori the Chiller (Demigod Ice Elementalist)  Turns: 6654, Time: 00:21:23

HP:   -9/58 (68)    AC: 12    Str: 13    XL:     9   Next: 5%
MP:   20/21         EV: 11    Int: 25    God:
Gold: 315           SH:  0    Dex: 14    Spells: 5/19 levels left

rFire   . . .      SeeInvis .    m - +0 arbalest
rCold   + . .      Faith    .    (shield currently unavailable)
rNeg    . . .      Spirit   .    r - +2 leather armour {rC+}
rPois   .          Reflect  .    p - +1 helmet
rElec   .          Harm     .    u - +0 cloak
rCorr   .          Rampage  .    (no gloves)
Will    .....                    (no boots)
Stlth   ++........               j - amulet of magic regeneration
HPRegen 0.29/turn                y - +4 ring of protection
MPRegen 0.57/turn                (no ring)

@: mighty, heavily drained
A: high MP 1, forlorn, divine attributes
a: no special abilities


You were in a bailey.
You visited 1 branch of the dungeon, and saw 7 of its levels.
You also visited: Sewer and Bailey.

You collected 315 gold pieces.

Inventory:

Hand Weapons
 c - a +0 dagger
 k - a +0 rapier
 m - a +0 arbalest (weapon)
 D - a +6 war axe of freezing
Armour
 a - a +0 robe
 p - a +1 helmet (worn)
 r - a +2 leather armour of cold resistance (worn)
 u - a +0 cloak (worn)
Jewellery
 j - an amulet of magic regeneration (around neck)
 y - a +4 ring of protection (left hand)
Wands
 f - a wand of flame (25)
 C - a wand of digging (6)
Scrolls
 d - 3 scrolls of blinking
 l - 4 scrolls of fog
 t - a scroll of silence {unknown}
 w - a scroll of enchant weapon {unknown}
 A - a scroll of noise
 B - a scroll of fear {unknown}
 E - 2 scrolls of teleportation {unknown}
 G - a scroll of amnesia {unknown}
 H - a scroll of enchant armour {unknown}
Potions
 b - a potion of magic
 h - 2 potions of brilliance
 i - 3 potions of curing
 o - 3 potions of attraction
 s - 2 potions of haste
 x - 2 potions of cancellation
 z - a potion of mutation {unknown}
 F - a potion of ambrosia {unknown}
 I - a potion of resistance


   Skills:
 - Level 2.3 Fighting
 - Level 1.7 Dodging
 - Level 1.7 Stealth
 + Level 5.9 Spellcasting
 + Level 4.2 Conjurations
 + Level 3.3 Summonings
 + Level 7.2 Ice Magic
 + Level 3.3 Earth Magic


You had 5 spell levels left.
You knew the following spells:

 Your Spells              Type           Power      Damage    Failure   Level
a - Freeze                Ice            100%       1d10      1%          1
b - Frozen Ramparts       Ice            86%        1d13      1%          3
c - Ozocubu's Armour      Ice            43%        N/A       1%          3
d - Stone Arrow           Conj/Erth      52%        3d10      6%          3
e - Summon Ice Beast      Ice/Summ       33%        N/A       11%         4

Your spell library contained the following spells:

 Spells                   Type           Power      Damage    Failure   Level
 Animate Armour           Summ/Erth      48%        N/A       24%         4
 Lehudib's Crystal Spear  Conj/Erth      13%        10d4      100%        8


Dungeon Overview and Level Annotations

Branches:
Dungeon (7/15)              Sewer (visited)          Bailey (1/1)
 Temple: D:4-7


Innate Abilities, Weirdness & Mutations

You have an increased reservoir of magic. (+10% MP)
You shall have no god before yourself.
Your divine heritage dramatically boosts your attributes as you level up.


Message History

You fall into the water!
You can't survive in this terrain!
You fly above the water, but the process is draining.
You feel drained.
As you read the scroll of summoning, it crumbles to dust.
Wisps of shadow whirl around you...
You feel drained.
Unknown command.
Unknown command.
Okay, then.
You float gracefully downwards.
Your gnoll hits the orc warlord with a +0 flail.
Your gnoll hits the orc warlord with a +0 spear.
The orc warlord hits you with a +4 battleaxe!!
The orc warlord hits your gnoll with a +4 battleaxe!
Your gnoll dies!
Your gnoll's corpse dissolves into shadows!
The orc warlord hits your gnoll with a +4 battleaxe!
Your gnoll dies!
Your gnoll's corpse dissolves into shadows!
Unknown command.
Casting: Freeze (safe; 1% risk of failure)
Confirm with . or Enter, or press ? or * to list all spells.
Aiming: Freeze (safe; 1% risk of failure)
Press: ? - help, Shift-Dir - straight line, f/p - orc warlord
Aim: an orc warlord, wielding a +4 battleaxe and wearing a +0 chain mail (almost dead, ally target)
You freeze the orc warlord!
The orc warlord is almost dead.
The orc warlord hits you with a +4 battleaxe!!
* * * LOW HITPOINT WARNING * * *
The orc warlord hits your gnoll with a +4 battleaxe.
Unknown command.
Casting: Freeze (safe; 1% risk of failure)
Confirm with . or Enter, or press ? or * to list all spells.
Aiming: Freeze (safe; 1% risk of failure)
Press: ? - help, Shift-Dir - straight line, f/p - orc warlord
Aim: an orc warlord, wielding a +4 battleaxe and wearing a +0 chain mail (almost dead, ally target)
You freeze the orc warlord.
The orc warlord is almost dead.
Your gnoll barely misses the orc warlord.
The orc warlord hits you with a +4 battleaxe!
You die...

..8..8............(8..8..#
.............(...........#
#.......................##
##...8...##'')##...8...##
##.....##....(##.....##
##...##.....()##...## ≈
≈≈#####.........#####≈≈≈♣
≈≈≈≈≈≈≈....∩..go≈≈≈≈≈≈≈♣
♣≈≈≈≈≈≈........@≈≈≈≈≈≈♣♣
♣♣♣♣♣♣♣♣♣♣.∩.♣♣♣♣♣♣♣♣♣♣
♣♣♣♣♣


You could see an orc warlord (ally target) and a friendly gnoll (summoned).

Vanquished Creatures
  An orc knight (Bailey)
  2 water moccasins
  A black bear (D:5)
  2 orc warriors (Bailey)
  An ogre (D:6)
  2 bullfrogs (D:6)
  2 necrophages
  6 scorpions
  3 wights (D:6)
  3 hounds
  3 jellies (Sewer)
  Crazy Yiuf (D:6)
  A gnoll bouda (D:5)
  2 orc priests
  3 orc wizards
  Jessica (D:3)
  Ijyb (D:5)
  2 iguanas (D:6)
  4 gnolls
  5 adders
  A river rat (Sewer)
  An ufetubus (D:6)
  4 worms
  2 dart slugs
  14 orcs
  6 endoplasms
  6 giant cockroaches
  15 goblins
  9 hobgoblins
  7 quokkas
  9 ball pythons
  8 frilled lizards
  15 kobolds
  8 rats
151 creatures vanquished.

Vanquished Creatures (others)
  3 fungi (D:6)
3 creatures vanquished.

Grand Total: 154 creatures vanquished

Notes
Turn   | Place    | Note
-------+----------+-------------------------------------------
     0 | D:1      | hikkokomori the Demigod Ice Elementalist began the quest
                  | for the Orb.
     0 | D:1      | Reached XP level 1. HP: 14/14 MP: 5/5
   206 | D:1      | Reached XP level 2. HP: 17/20 MP: 1/7
   342 | D:1      | Reached skill level 4 in Ice Magic
   823 | D:2      | Reached XP level 3. HP: 26/26 MP: 6/9
  1809 | D:3      | Noticed Jessica
  1816 | D:3      | Killed Jessica
  1817 | D:3      | Reached XP level 4. HP: 31/33 MP: 8/11
  2429 | D:3      | Learned a level 3 spell: Frozen Ramparts
  2433 | D:3      | Learned a level 3 spell: Ozocubu's Armour
  2523 | D:4      | Noticed a necrophage
  2539 | D:4      | Killed a necrophage
  2540 | D:4      | Reached skill level 5 in Ice Magic
  2540 | D:4      | Reached XP level 5. HP: 6/38 MP: 4/13
  2809 | D:4      | Noticed a steam dragon
  2950 | D:4      | You fall into a shaft and drop 1 floor!
  2950 | D:5      | Entered Level 5 of the Dungeon
  2968 | D:5      | Reached XP level 6. HP: 39/45 MP: 15/15
  2972 | D:5      | Learned a level 3 spell: Stone Arrow
  3064 | D:5      | Noticed Ijyb
  3076 | D:5      | Killed Ijyb
  3085 | D:5      | Reached skill level 1 in Fighting
  3085 | D:5      | Reached skill level 1 in Conjurations
  3393 | D:5      | Found a glowing drain.
  3409 | Sewer    | Entered a sewer
  3617 | Sewer    | Reached XP level 7. HP: 52/52 MP: 12/17
  3836 | D:5      | Reached skill level 6 in Ice Magic
  4649 | D:6      | Learned a level 4 spell: Summon Ice Beast
  4759 | D:6      | Reached skill level 5 in Spellcasting
  4930 | D:6      | Reached skill level 1 in Summonings
  4930 | D:6      | Reached skill level 1 in Earth Magic
  5125 | D:6      | Reached XP level 8. HP: 51/62 MP: 12/19
  5257 | D:6      | Found a runed translucent door.
  5258 | D:6      | Noticed Crazy Yiuf
  5938 | D:6      | Killed Crazy Yiuf
  6028 | D:7      | Found a flagged portal.
  6051 | Bailey   | Entered a bailey
  6073 | Bailey   | Noticed an orc warlord
  6121 | Bailey   | Reached skill level 7 in Ice Magic
  6167 | Bailey   | Found a runed translucent gate.
  6167 | Bailey   | Found a runed translucent gate.
  6184 | Bailey   | Noticed an orc knight
  6207 | Bailey   | Killed an orc knight
  6208 | Bailey   | Reached XP level 9. HP: 17/68 MP: 7/21
  6405 | Bailey   | Found a runed translucent gate.
  6653 | Bailey   | HP: 2/58 [orc warlord/+4 battleaxe (28)]
  6654 | Bailey   | Mangled by an orc warlord

Illustrated notes

Levels and vault maps discovered:
D:1:      ncdulo_smallfort, layout_rooms,
          shapermc_ecumenical_altar_mp_urbaneastern, dreamdust_wishing_well
D:2:      layout_basic, corexii_hall_statues_x, serial_bayou_lagoon_a,
          chequers_arboretum, nicolae_wormholes
D:3:      layout_basic, chequers_serial_rivers_micro_d,
          nicolae_elevator_lobby_plus, uniq_jessica
D:4:      layout_cave_pools, mainiacjoe_overflow_concentric_impassable
D:5:      layout_basic, nicolae_overflow_crystal_walls,
          nicolae_ru_sacrificial_ziggurat, cheibrodos_sewer_entry_bend,
          uniq_ijyb
D:6:      layout_loops_corners, tgw_sif, uniq_crazy_yiuf_cottage
D:7:      layout_basic, mainiacjoe_overflow_alcove_4,
          minmay_temple_entry_offerings, enter_bailey_5, st_stairs_3,
          uniq_maggie, uniq_duvessa
Bailey:   bailey_axe_bossmonster_kennysheep, bailey

Skill      XL: |  1  2  3  4  5  6  7  8 |
---------------+-------------------------+-----
Spellcasting   | 2 3 4 5 |  5.9
Ice Magic      | 4 5 6 7 |  7.2
Fighting       | 1 2 |  2.3
Conjurations   | 1 2 4 |  4.2
Summonings     | 1 3 |  3.3
Earth Magic    | 1 3 |  3.3
Dodging        | |  1.7
Stealth        | |  1.7

Action                   |  1- 3 |  4- 6 |  7- 9 || total
-------------------------+-------+-------+-------++-------
Melee: Unarmed           |     5 |       |       ||     5
       Dagger            |    37 |       |       ||    37
       Rapier            |       |    18 |     3 ||    21
       War axe           |       |       |    53 ||    53
 Fire: Arbalest          |       |    43 |    26 ||    69
 Cast: Freeze            |    65 |    56 |    37 ||   158
       Frozen Ramparts   |       |    10 |    17 ||    27
       Ozocubu's Armour  |       |     5 |    12 ||    17
       Stone Arrow       |       |       |    12 ||    12
Evoke: Wand              |       |       |    16 ||    16
  Use: Potion            |     1 |     1 |     6 ||     8
       Scroll            |       |     7 |     5 ||    12
 Stab: Sleeping          |       |       |     1 ||     1
Armor: Robe              |    13 |    23 |       ||    36
       Leather armour    |       |    16 |    59 ||    75
Dodge: Dodged            |    64 |    65 |    56 ||   185

Table legend: (Time is in decaauts)
 A = Elapsed time spent in this place.
 B = Non-inter-level travel time spent in this place.
 C = Inter-level travel time spent in this place.
 D = Time resting spent in this place.
 E = Time spent auto-exploring this place.
 F = Levels seen in this place.
 G = Mean time per level.
                   A        B        C        D        E       F      G
               +--------+--------+--------+--------+--------+-----+--------+
         Total |   6746 |   6389 |    357 |    908 |   3911 |   9 |  749.6 |
       Dungeon |   5854 |   5497 |    357 |    733 |   3757 |   7 |  836.3 |
         Sewer |    282 |    282 |      0 |      0 |    151 |   1 |  282.0 |
        Bailey |    610 |    610 |      0 |    175 |      3 |   1 |  610.0 |
               +--------+--------+--------+--------+--------+-----+--------+

Top non-repeatable levels by time:
     D:6: 1587 daAuts
     D:5: 1216 daAuts
     D:2: 890 daAuts
     D:3: 806 daAuts
     D:1: 776 daAuts
  Bailey: 610 daAuts
     D:4: 503 daAuts
   Sewer: 282 daAuts
     D:7: 72 daAuts
